 Dungeon Crawl Stone Soup version 0.30.0-29-ga12c61a403 (webtiles) character file.

Game seed: 2005932003698590725

132 Cheops the Digger (level 4, -1/35 HPs)
             Began as an Armataur Earth Elementalist on June 14, 2023.
             Splashed by a jelly's acid (7 damage)
             ... on level 4 of the Dungeon.
             The game lasted 00:05:14 (3051 turns).

Cheops the Digger (Armataur Earth Elementalist)     Turns: 3051, Time: 00:05:15

Health: -1/35      AC: -6    Str: 20    XL:     4   Next: 92%
Magic:  1/7        EV:  9    Int: 17    God:
Gold:   132        SH:  0    Dex: 10    Spells: 1/7 levels left

rFire   . . .        a - +0 dagger (venom)
rCold   + . .        (no shield)
rNeg    . . .        s - +0 leather armour "Vauveg" {rC+ Stlth+}
rPois   .            (no helmet)
rElec   .            t - +0 cloak
rCorr   .            (no gloves)
SInv    .            (no barding)
Will    .....        (no amulet)
Stlth   +++          j - +6 ring of strength
HPRegen 0.25/turn    (no ring)
MPRegen 0.10/turn

%: roll
@: corroded
A: large, rugged brown scales 3, deformed body, armoured tail, roll, long
tongue, awkward tongue
a: no special abilities


You were on level 4 of the Dungeon.
You visited 1 branch of the dungeon, and saw 4 of its levels.

You collected 132 gold pieces.

Inventory:

Hand Weapons
 a - a +0 dagger of venom (weapon)
Armour
 e - a +0 robe
 l - a scarf of repulsion
 s - the +0 leather armour "Vauveg" (worn) {rC+ Stlth+}
   (You found it on level 3 of the Dungeon)

   rC:        It protects you from cold.
   Stlth:     It makes you more stealthy.
 t - a +0 cloak (worn)
Jewellery
 j - a +6 ring of strength (left hand)
Scrolls
 c - 2 scrolls of fog {unknown}
 f - a scroll of silence {unknown}
 g - 2 scrolls of magic mapping {unknown}
 h - a scroll of enchant armour {unknown}
 i - a scroll of noise {unknown}
 k - 2 scrolls of immolation {unknown}
 r - a scroll of teleportation {unknown}
Potions
 b - a potion of magic
 d - a potion of attraction
 n - 2 potions of mutation {unknown}
 o - 2 potions of might {unknown}
 q - a potion of haste


   Skills:
 - Level 1.3 Dodging
 + Level 3.8 Stealth
 - Level 2.0 Spellcasting
 - Level 0.8 Transmutations
 * Level 4.4 Earth Magic


You had one spell level left.
You knew the following spells:

 Your Spells              Type           Power      Damage    Failure   Level
a - Sandblast             Erth           32%        2d9       3%          1
b - Stone Arrow           Conj/Erth      18%        3d8       28%         3
P - Passwall              Tmut/Erth      8%         N/A       12%         2

Your spell library contained the following spells:

 Spells                   Type           Power      Damage    Failure   Level
 Petrify                  Tmut/Erth      10%        N/A       61%         4
 Borgnjor's Vile Clutch   Necr/Erth      4%         N/A       95%         5
 Alistair's Intoxication  Tmut/Pois      2%         N/A       99%         5
 Eringya's Noxious Bog    Tmut/Pois      1%         N/A       100%        6
 Borgnjor's Revivificati  Necr           0%         N/A       100%        8
 Necromutation            Tmut/Necr      1%         N/A       100%        8
 Death's Door             Necr           0%         N/A       100%        9


Dungeon Overview and Level Annotations

Branches:
Dungeon (4/15)
 Temple: D:4-7

Altars:
Ashenzari
Dithmenos
Fedhas
Hepliaklqana
Kikubaaqudgha
Okawaru
Ru
Trog
Vehumet
Yredelemnul
The Shining One

Shops:
D:1 =


Innate Abilities, Weirdness & Mutations

You are completely covered in rugged brown scales. (AC +3, +7% HP)
Armour fits poorly on your strangely shaped body.
You have a long armoured tail.
You roll when moving toward enemies. (Rampage)
Your long tongue fully drains potion bottles. (2x potion effects)
Your tongue gives you trouble enunciating. (1.5x scroll delay)


Message History

The black bear goes berserk!
The black bear bites you. The black bear claws you.
The black bear barely misses you.
Casting: Sandblast (safe; 5% risk of failure)
Confirm with . or Enter, or press ? or * to list all spells.
Aiming: Sandblast (safe; 5% risk of failure)
Press: ? - help, Shift-Dir - straight line, f/p - black bear
Aim: a black bear (almost dead, berserk, 87% to hit)
The blast of sand hits the black bear!
You kill the black bear!
Your Earth Magic skill increases to level 4!
You have reached level 4!
You feel stronger.
Casting: Sandblast (safe; 3% risk of failure)
Confirm with . or Enter, or press ? or * to list all spells.
Aiming: Sandblast (safe; 3% risk of failure)
Press: ? - help, Shift-Dir - straight line, f - goblin
Aim: a goblin, wielding a +0 dagger (77% to hit)
The blast of sand hits the goblin!
You kill the goblin!
The jelly hits you but does no damage.
Casting: Sandblast (safe; 3% risk of failure)
Confirm with . or Enter, or press ? or * to list all spells.
You don't have enough magic to cast this spell.
Casting: Sandblast (safe; 3% risk of failure)
Confirm with . or Enter, or press ? or * to list all spells.
You don't have enough magic to cast this spell.
You hit the jelly.
The jelly is poisoned.
The acid corrodes you!
Your hands burn!
You tail-slap the jelly.
The jelly is moderately wounded.
The jelly completely misses you.
You barely miss the jelly.
The jelly is moderately wounded.
The jelly hits you. The acid corrodes you!
You are splashed with acid!
* * * LOW HITPOINT WARNING * * *
You hit the jelly.
Your hands burn!
* * * LOW HITPOINT WARNING * * *
The jelly is heavily wounded.
The jelly hits you.
* * * LOW HITPOINT WARNING * * *
The acid corrodes you!
You are splashed with acid!
You die...

### #<#
#.# #@#
......J.#
...######


You could see a jelly (very poisoned).

Vanquished Creatures
  A black bear (D:4)
  A worm (D:2)
  2 dart slugs
  3 ball pythons
  2 bats
  5 endoplasms
  A giant cockroach (D:1)
  2 goblins
  2 hobgoblins (D:2)
  3 quokkas
  3 frilled lizards
  6 kobolds
  2 rats
33 creatures vanquished.

Notes
Turn   | Place    | Note
-------+----------+-------------------------------------------
     0 | D:1      | Cheops the Armataur Earth Elementalist began the quest for
                  | the Orb.
     0 | D:1      | Reached XP level 1. HP: 14/14 MP: 3/3
   213 | D:1      | Found Fughyeki's Jewellery Emporium.
   293 | D:1      | Reached skill level 3 in Earth Magic
   293 | D:1      | Reached XP level 2. HP: 20/21 MP: 0/5
  1031 | D:2      | HP: 1/21 [worm (9)]
  1328 | D:2      | Reached XP level 3. HP: 27/27 MP: 1/6
  1331 | D:2      | Learned a level 2 spell: Passwall
  1335 | D:2      | Learned a level 3 spell: Stone Arrow
  2123 | D:3      | Found a broken altar of Ashenzari.
  2123 | D:3      | Found a hazy altar of Hepliaklqana.
  2124 | D:3      | Found an iron altar of Okawaru.
  2125 | D:3      | Found an ancient bone altar of Kikubaaqudgha.
  2125 | D:3      | Found a blossoming altar of Fedhas.
  2126 | D:3      | Found a bloodstained altar of Trog.
  2127 | D:3      | Found a sacrificial altar of Ru.
  2127 | D:3      | Found a shadowy altar of Dithmenos.
  2128 | D:3      | Found a basalt altar of Yredelemnul.
  2129 | D:3      | Found a glowing golden altar of the Shining One.
  2129 | D:3      | Found a radiant altar of Vehumet.
  2592 | D:3      | Identified the +0 leather armour "Vauveg" {rC+ Stlth+}
  3042 | D:4      | Noticed a black bear
  3047 | D:4      | Killed a black bear
  3048 | D:4      | Reached skill level 4 in Earth Magic
  3048 | D:4      | Reached XP level 4. HP: 23/35 MP: 1/7
  3051 | D:4      | Splashed by a jelly's acid

Illustrated notes

Levels and vault maps discovered:
D:1:      erik_arrival_triangle_small, layout_loops_ring, serial_shops,
          nicolae_shop_hallway_stairs, kennysheep_crisscross
D:2:      layout_loops_cross, minmay_bisected
D:3:      layout_basic, nicolae_overflows_in_rows, minmay_misc_feat_rugged,
          minmay_misc_feat_four_crosses, chequers_garden
D:4:      layout_basic, minmay_temple_entry_grid, serial_shops,
          nicolae_shop_tiny_waterfront, sigmund_edmund_badplayer

Skill      XL: |  1  2  3 |
---------------+----------+-----
Spellcasting   | 2 |  2.0
Earth Magic    | 3 4 |  4.4
Stealth        | 3 |  3.8
Dodging        | |  1.3
Transmutations | |  0.8

Action                     |  1- 3 |  4- 6 || total
---------------------------+-------+-------++-------
  Melee: Unarmed           |     6 |       ||     6
         Dagger            |     3 |     3 ||     6
         Tailslap          |       |     1 ||     1
   Cast: Sandblast         |    56 |     1 ||    57
    Use: Scroll            |     3 |       ||     3
 Armour: Robe              |     5 |       ||     5
         Leather armour    |     1 |     1 ||     2
  Dodge: Dodged            |     5 |     1 ||     6
